AoeStats
← Kit_tr

Arabia

506673684Analyzed
1v1 RM · 19d ago on Sep 14, 2026· 48m 51s· 2 players
Game mode
Random Map
Map size
Tiny (2 player)
Population
200
Speed
Normal
Resources
Standard
Victory
Conquest
Starting age
Dark Age
Ending age
Imperial Age
RankedLock teamsTeams togetherTeam positionsShared explorationLock speedFull tech treeHidden civsTurbo modeCheats
Victory
Defeat
🇦🇷 Chinese · Argentina
819
+13
🇩🇪 Koreans · Germany
764
-26
Ale
0:32 Loom
10:44 Feudal Age
11:27 Double-Bit Axe
12:29 Wheelbarrow
12:55 Horse Collar
14:01 Gold Mining
15:30 Man-at-Arms
17:26 Padded Archer Armor
18:58 Fletching
19:10 Scale Mail Armor
19:46 Stone Mining
23:51 Castle Age
23:15 Forging
24:19 Long Swordsman
24:21 Pikeman
25:02 Squires
24:25 Crossbowman
25:12 Thumb Ring
25:59 Gold Shaft Mining
25:47 Bow Saw
25:56 Bodkin Arrow
26:44 Heavy Plow
27:49 Hand Cart
28:23 Leather Archer Armor
30:08 Chain Mail Armor
31:28 Iron Casting
31:24 Ballistics
32:44 Stone Shaft Mining
41:13 Imperial Age
41:17 Elite Chu Ko Nu
43:17 Two-Man Saw
42:05 Town Watch
42:24 Bracer
42:55 Ring Archer Armor
42:55 Plate Mail Armor
43:26 Blast Furnace
43:31 Chemistry
43:24 Town Patrol
Kit_tr
11:52 Feudal Age
12:15 Horse Collar
12:22 Double-Bit Axe
16:07 Gold Mining
16:30 Stone Mining
17:02 Fletching
22:11 Wheelbarrow
21:42 Man-at-Arms
29:23 Castle Age
29:27 Long Swordsman
30:32 Squires
35:08 Gold Shaft Mining
35:37 Bow Saw
35:55 Gambesons
35:57 Arson
36:58 Hand Cart
39:05 Forging
49:08 Imperial Age
Connection lost

Rejoining the realm…

Still unreachable

The connection could not be restored.

Session expired

The server has moved on; the page needs a fresh start.